IL
INDIANAPOLIS INDIANS @ LEHIGH VALLEY IRONPIGS
09/16/2045
 
TOP OF THE 1ST
Indianapolis Indians batting - Pitching for Lehigh Valley IronPigs : RHP Nick Turner
Pitching: RHP Nick Turner
Batting: SHB Francisco Gutierrez 0-0: Ball
1-0: Called Strike
1-1: Ground out U3 (Groundball, 3, EV 85.0 MPH)
Batting: RHB Chris McCoy 0-0: Ball
1-0: Called Strike
1-1: Ball
2-1: SINGLE (Groundball, 6MD, EV 105.0 MPH)
Batting: SHB Ben Myers 0-0: Ball
Chris McCoy steals 2nd base
1-0: Ball
2-0: Foul Ball, location: 2F
2-1: Called Strike
2-2: Ball
3-2: Base on Balls
Batting: LHB Marc Carter 0-0: Foul Ball, location: 2F
0-1: Ball
1-1: Foul Ball, location: 2F
1-2: Strikes out swinging
Batting: RHB Caleb Russell 0-0: Ball
1-0: Foul Ball, location: 2F
1-1: Ball
2-1: Called Strike
2-2: SINGLE (Groundball, 6M, EV 95.0 MPH)
Chris McCoy to third
Ben Myers to second
Runner from 3rd tries for Home, SAFE, throw by CF to home
Batting: SHB Trevor Weareorwear 0-0: Ball
1-0: Fly out, F3 (Popup, 3F, EV 60.0 MPH)
Top of the 1st over - 1 run, 2 hits, 0 errors, 2 left on base; Indianapolis 1 - Lehigh Valley 0
BOTTOM OF THE 1ST
Lehigh Valley IronPigs batting - Pitching for Indianapolis Indians : RHP Curt Campbell
Pitching: RHP Curt Campbell
Batting: RHB Mitch Boyd 0-0: Ball
1-0: Ball
2-0: Ball
3-0: Base on Balls
Batting: LHB Darrell Ortega 0-0: Ball
1-0: Called Strike
1-1: Ball
Mitch Boyd steals 2nd base
2-1: Ground out U3 (Groundball, 34, EV 108.1 MPH)
Mitch Boyd to third
Batting: SHB Lance Franklin 0-0: Swinging Strike
0-1: Ball
1-1: Swinging Strike
1-2: Foul Ball, location: 2F
1-2: Strikes out swinging
Batting: RHB Josh Hensley 0-0: Fly out, F8 (Flyball, 78XD, EV 101.9 MPH)
Bottom of the 1st over - 0 runs, 0 hits, 0 errors, 1 left on base; Indianapolis 1 - Lehigh Valley 0
TOP OF THE 2ND
Indianapolis Indians batting - Pitching for Lehigh Valley IronPigs : RHP Nick Turner
Batting: RHB Terry Sutherland 0-0: Ball
1-0: Ball
2-0: Called Strike
2-1: Ball
3-1: Foul Ball, location: 2F
3-2: SINGLE (Groundball, 34D, EV 107.5 MPH)
Batting: RHB Danny Gallegos 0-0: Called Strike
0-1: Reached on error, E4 (Groundball, 4, EV 78.1 MPH)
Terry Sutherland to second
Batting: RHB Slamet Pamungkas 0-0: Fielders Choice at 2nd, 3-6 (Groundball, 34, EV 105.6 MPH)
Terry Sutherland to third
Batting: SHB Francisco Gutierrez 0-0: Ball
1-0: Called Strike
Slamet Pamungkas steals 2nd base
1-1: Fly out, F8 (Flyball, 78M, EV 93.1 MPH)
Batting: RHB Chris McCoy 0-0: Ball
1-0: Ball
2-0: Ball
3-0: Called Strike
3-1: Ground out 5-3 (Groundball, 56S, EV 91.2 MPH)
Top of the 2nd over - 0 runs, 1 hit, 1 error, 2 left on base; Indianapolis 1 - Lehigh Valley 0
BOTTOM OF THE 2ND
Lehigh Valley IronPigs batting - Pitching for Indianapolis Indians : RHP Curt Campbell
Batting: LHB Michael Tuttle 0-0: Foul Ball, location: 2F
0-1: Ball
1-1: Ball
2-1: SINGLE (Line Drive, 34, EV 97.5 MPH)
Batting: LHB Danny Hill 0-0: SINGLE (Flyball, 8LS, EV 84.4 MPH)
Michael Tuttle to second
Batting: RHB Moritake Fukumoto 0-0: Ball
1-0: Called Strike
1-1: Ball
2-1: Foul Ball, location: 2F
2-2: Foul Ball, location: 2F
2-2: Ball
3-2: Strikes out swinging
Batting: LHB Tyler Allen 0-0: Called Strike
0-1: Ball
1-1: Fielders Choice at 2nd, 4-6 (Groundball, 34, EV 85.6 MPH)
Michael Tuttle to third
Batting: RHB Dan Grable 0-0: Called Strike
0-1: Fielders Choice at 2nd, 6-4 (Groundball, 6, EV 88.8 MPH)
Bottom of the 2nd over - 0 runs, 2 hits, 0 errors, 2 left on base; Indianapolis 1 - Lehigh Valley 0
TOP OF THE 3RD
Indianapolis Indians batting - Pitching for Lehigh Valley IronPigs : RHP Nick Turner
Batting: SHB Ben Myers 0-0: Swinging Strike
0-1: Swinging Strike
0-2: Fly out, F8 (Flyball, 8LD, EV 91.9 MPH)
Batting: LHB Marc Carter 0-0: Ball
1-0: Fly out, F7 (Flyball, 7LD, EV 94.4 MPH)
Batting: RHB Caleb Russell 0-0: Ball
1-0: Foul Ball, location: 2F
1-1: Fly out, F7 (Flyball, 78M, EV 88.8 MPH)
Top of the 3rd over - 0 runs, 0 hits, 0 errors, 0 left on base; Indianapolis 1 - Lehigh Valley 0
BOTTOM OF THE 3RD
Lehigh Valley IronPigs batting - Pitching for Indianapolis Indians : RHP Curt Campbell
Batting: RHB Mitch Boyd 0-0: Ground out 4-3 (Groundball, 4S, EV 79.4 MPH)
Batting: LHB Darrell Ortega 0-0: Called Strike
0-1: Ball
1-1: Ball
2-1: Foul Ball, location: 2F
2-2: Ball
3-2: Fly out, F9 (Flyball, 9D, EV 108.8 MPH)
Batting: SHB Lance Franklin 0-0: Called Strike
0-1: Called Strike
0-2: Strikes out looking
Bottom of the 3rd over - 0 runs, 0 hits, 0 errors, 0 left on base; Indianapolis 1 - Lehigh Valley 0
TOP OF THE 4TH
Indianapolis Indians batting - Pitching for Lehigh Valley IronPigs : RHP Nick Turner
Batting: SHB Trevor Weareorwear 0-0: Ball
1-0: Ball
2-0: Ball
3-0: Called Strike
3-1: Ground out 6-3 (Groundball, 6, EV 86.2 MPH)
Batting: RHB Terry Sutherland 0-0: Ball
1-0: Called Strike
1-1: Foul Ball, location: 2F
1-2: Strikes out swinging
Batting: RHB Danny Gallegos 0-0: Ground out 5-3 (Groundball, 25, EV 86.2 MPH)
Top of the 4th over - 0 runs, 0 hits, 0 errors, 0 left on base; Indianapolis 1 - Lehigh Valley 0
BOTTOM OF THE 4TH
Lehigh Valley IronPigs batting - Pitching for Indianapolis Indians : RHP Curt Campbell
Batting: RHB Josh Hensley 0-0: Called Strike
0-1: Swinging Strike
0-2: Ball
1-2: Strikes out swinging
Batting: LHB Michael Tuttle 0-0: Ball
1-0: Reached on error, E4 (Popup, 3S, EV 79.4 MPH)
Batting: LHB Danny Hill 0-0: Foul Ball, location: 2F
0-1: Ball
1-1: Ball
2-1: Called Strike
2-2: Strikes out swinging
Batting: RHB Moritake Fukumoto 0-0: Called Strike
0-1: Called Strike
0-2: Ball
1-2: Strikes out looking
Bottom of the 4th over - 0 runs, 0 hits, 1 error, 1 left on base; Indianapolis 1 - Lehigh Valley 0
TOP OF THE 5TH
Indianapolis Indians batting - Pitching for Lehigh Valley IronPigs : RHP Nick Turner
Batting: RHB Slamet Pamungkas 0-0: SINGLE (Groundball, 34D, EV 95.0 MPH)
Batting: SHB Francisco Gutierrez 0-0: Ball
1-0: Grounds into double play, 4-6-3 (Groundball, 4, EV 100.0 MPH)
Batting: RHB Chris McCoy 0-0: Ball
1-0: Called Strike
1-1: Ball
2-1: Foul Ball, location: 2F
2-2: Fly out, F8 (Flyball, 78M, EV 86.2 MPH)
Top of the 5th over - 0 runs, 1 hit, 0 errors, 0 left on base; Indianapolis 1 - Lehigh Valley 0
BOTTOM OF THE 5TH
Lehigh Valley IronPigs batting - Pitching for Indianapolis Indians : RHP Curt Campbell
Batting: LHB Tyler Allen 0-0: Bunt missed!
0-1: Swinging Strike
0-2: Ball
1-2: Ball
2-2: SINGLE (Groundball, 34D, EV 105.0 MPH) (infield hit)
Batting: RHB Dan Grable 0-0: Grounds into double play, 4-6-3 (Groundball, 4, EV 93.1 MPH)
Batting: RHB Mitch Boyd 0-0: Foul Ball, location: 2F
0-1: Ball
1-1: Ball
2-1: Ball
3-1: Foul Ball, location: 2F
3-2: Base on Balls
Batting: LHB Darrell Ortega 0-0: Called Strike
0-1: Ball
Wild Pitch!
Mitch Boyd to second
1-1: Called Strike
1-2: Strikes out looking
Bottom of the 5th over - 0 runs, 1 hit, 0 errors, 1 left on base; Indianapolis 1 - Lehigh Valley 0
TOP OF THE 6TH
Indianapolis Indians batting - Pitching for Lehigh Valley IronPigs : RHP Nick Turner
Batting: SHB Ben Myers 0-0: Ball
1-0: Ball
2-0: Ground out 6-3 (Groundball, 6, EV 101.9 MPH)
Batting: LHB Marc Carter 0-0: Ground out 6-3 (Groundball, P, EV 89.4 MPH)
Batting: RHB Caleb Russell 0-0: SINGLE (Groundball, 6MD, EV 101.9 MPH)
Batting: SHB Trevor Weareorwear 0-0: Ball
Caleb Russell steals 2nd base (no throw)
1-0: Called Strike
1-1: Swinging Strike
1-2: Ball
2-2: Strikes out swinging
Top of the 6th over - 0 runs, 1 hit, 0 errors, 1 left on base; Indianapolis 1 - Lehigh Valley 0
BOTTOM OF THE 6TH
Lehigh Valley IronPigs batting - Pitching for Indianapolis Indians : RHP Curt Campbell
Batting: SHB Lance Franklin 0-0: Ball
1-0: Foul Ball, location: 2F
1-1: Fly out, F8 (Flyball, 8LD, EV 85.0 MPH)
Pitching: RHP Walt Quinn
Batting: RHB Josh Hensley 0-0: Called Strike
0-1: Foul Ball, location: 2F
0-2: Strikes out swinging
Batting: LHB Michael Tuttle 0-0: Ball
1-0: Fly out, F8 (Flyball, 8RD, EV 103.8 MPH)
Bottom of the 6th over - 0 runs, 0 hits, 0 errors, 0 left on base; Indianapolis 1 - Lehigh Valley 0
TOP OF THE 7TH
Indianapolis Indians batting - Pitching for Lehigh Valley IronPigs : RHP Nick Turner
Batting: RHB Terry Sutherland 0-0: Ball
1-0: Foul Ball, location: 2F
1-1: Ball
2-1: Ball
3-1: Ground out U3 (Groundball, 3L, EV 102.5 MPH)
Batting: RHB Danny Gallegos 0-0: Foul Ball, location: 2F
0-1: Ground out 4-3 (Groundball, 13, EV 83.8 MPH)
Batting: RHB Slamet Pamungkas 0-0: SINGLE (Groundball, 4MD, EV 99.4 MPH)
Batting: SHB Francisco Gutierrez 0-0: Called Strike
Slamet Pamungkas steals 2nd base
0-1: Foul Ball, location: 2F
0-2: Ball
1-2: Ground out 5-3 (Groundball, 56, EV 84.4 MPH)
Top of the 7th over - 0 runs, 1 hit, 0 errors, 1 left on base; Indianapolis 1 - Lehigh Valley 0
BOTTOM OF THE 7TH
Lehigh Valley IronPigs batting - Pitching for Indianapolis Indians : RHP Walt Quinn
Batting: LHB Danny Hill 0-0: Ground out 6-3 (Groundball, 6, EV 109.4 MPH)
Batting: RHB Moritake Fukumoto 0-0: Swinging Strike
0-1: Foul Ball, location: 2F
0-2: Foul Ball, location: 2F
0-2: Ground out 5-3 (Groundball, 56, EV 80.6 MPH)
Batting: LHB Tyler Allen 0-0: Called Strike
0-1: SINGLE (Groundball, 34S, EV 70.6 MPH) (infield hit)
Batting: RHB Dan Grable 0-0: Ball
1-0: Called Strike
1-1: Ball
2-1: Foul Ball, location: 2F
2-2: Foul Ball, location: 2F
2-2: Ball
Tyler Allen is caught stealing 2nd base 2-4
Bottom of the 7th over - 0 runs, 1 hit, 0 errors, 0 left on base; Indianapolis 1 - Lehigh Valley 0
TOP OF THE 8TH
Indianapolis Indians batting - Pitching for Lehigh Valley IronPigs : RHP Nick Turner
Batting: RHB Chris McCoy 0-0: Ball
1-0: Ball
2-0: Swinging Strike
2-1: Swinging Strike
2-2: Strikes out swinging
Batting: SHB Ben Myers 0-0: Called Strike
0-1: Ball
1-1: Called Strike
1-2: Fly out, F8 (Line Drive, 8RD, EV 89.4 MPH)
Batting: LHB Marc Carter 0-0: Foul Ball, location: 2F
0-1: Ball
1-1: Ball
2-1: Ball
3-1: Ground out U3 (Groundball, 34, EV 82.5 MPH)
Top of the 8th over - 0 runs, 0 hits, 0 errors, 0 left on base; Indianapolis 1 - Lehigh Valley 0
BOTTOM OF THE 8TH
Lehigh Valley IronPigs batting - Pitching for Indianapolis Indians : RHP Walt Quinn
Batting: RHB Dan Grable 0-0: Ball
1-0: Ground out 4-3 (Groundball, 4S, EV 82.5 MPH)
Pinch Hitting: SHB Bob Dixon 0-0: Called Strike
0-1: Ball
1-1: Swinging Strike
1-2: Ball
2-2: Foul Ball, location: 2F
2-2: Strikes out swinging
Batting: LHB Darrell Ortega 0-0: Called Strike
0-1: Ball
1-1: Called Strike
1-2: Ball
2-2: Ball
3-2: Fly out, F8 (Flyball, 8RM, EV 90.0 MPH)
Bottom of the 8th over - 0 runs, 0 hits, 0 errors, 0 left on base; Indianapolis 1 - Lehigh Valley 0
TOP OF THE 9TH
Indianapolis Indians batting - Pitching for Lehigh Valley IronPigs : RHP Nick Turner
Pitching: RHP Mike Kamm
Now at 2B: Cesar Arteaga
Batting: RHB Caleb Russell 0-0: Called Strike
0-1: Swinging Strike
0-2: Ball
1-2: Ball
2-2: Foul Ball, location: 2F
2-2: Strikes out swinging
Batting: SHB Trevor Weareorwear 0-0: Ground out U3 (Groundball, 34S, EV 66.9 MPH)
Batting: RHB Terry Sutherland 0-0: SINGLE (Line Drive, 4MD, EV 99.4 MPH)
Batting: RHB Danny Gallegos 0-0: Fly out, F9 (Flyball, 9LM, EV 89.4 MPH)
Top of the 9th over - 0 runs, 1 hit, 0 errors, 1 left on base; Indianapolis 1 - Lehigh Valley 0
BOTTOM OF THE 9TH
Lehigh Valley IronPigs batting - Pitching for Indianapolis Indians : RHP Walt Quinn
Pitching: RHP Robby Poyfair
Batting: SHB Lance Franklin 0-0: Ball
1-0: Called Strike
1-1: SINGLE (Line Drive, 34, EV 97.5 MPH)
Batting: RHB Josh Hensley 0-0: Ball
1-0: Swinging Strike
1-1: Swinging Strike
1-2: Ball
2-2: Strikes out swinging
Batting: LHB Michael Tuttle 0-0: SINGLE (Groundball, 4MD, EV 105.0 MPH)
Lance Franklin to second
Batting: LHB Danny Hill 0-0: Ball
1-0: Called Strike
1-1: Ball
2-1: Ball
3-1: Foul Ball, location: 2F
3-2: Fielders Choice at 2nd, 4-6 (Groundball, 4, EV 86.2 MPH)
Lance Franklin to third
Batting: RHB Moritake Fukumoto 0-0: Called Strike
0-1: Swinging Strike
0-2: Ball
1-2: Reached on error, E3 (Groundball, 13, EV 86.2 MPH)
Lance Franklin scores
Danny Hill to second
Batting: LHB Tyler Allen 0-0: Foul Ball, location: 2F
0-1: Foul Ball, location: 2F
0-2: Ball
1-2: Ball
2-2: Ball
3-2: Fly out, F8 (Line Drive, 8RM, EV 92.5 MPH)
Bottom of the 9th over - 1 run, 2 hits, 1 error, 2 left on base; Indianapolis 1 - Lehigh Valley 1
TOP OF THE 10TH
Indianapolis Indians batting - Pitching for Lehigh Valley IronPigs : RHP Mike Kamm
Pinch Hitting: SHB Louie Horne 0-0: Called Strike
0-1: Ball
1-1: Ground out 4-3 (Groundball, 4M, EV 83.1 MPH)
Batting: SHB Francisco Gutierrez 0-0: Ball
1-0: Ball
2-0: Called Strike
2-1: Called Strike
2-2: Foul Ball, location: 2F
2-2: Ball
3-2: Base on Balls
Batting: RHB Chris McCoy 0-0: Foul Ball, location: 2F
0-1: Ball
1-1: Foul Ball, location: 2F
1-2: Strikes out looking
Francisco Gutierrez steals 2nd base
Batter strikes out.
Batting: SHB Ben Myers 0-0: Ground out 6-3 (Groundball, 6M, EV 79.4 MPH)
Top of the 10th over - 0 runs, 0 hits, 0 errors, 1 left on base; Indianapolis 1 - Lehigh Valley 1
BOTTOM OF THE 10TH
Lehigh Valley IronPigs batting - Pitching for Indianapolis Indians : RHP Robby Poyfair
Now at SS: Matt Keef
Batting: RHB Dan Grable 0-0: Ball
1-0: Called Strike
1-1: Ground out 1-3 (Groundball, 13S, EV 73.1 MPH)
Batting: SHB Cesar Arteaga 0-0: Called Strike
0-1: Swinging Strike
0-2: Foul Ball, location: 2F
0-2: Ball
1-2: Ball
2-2: Ground out 6-3 (Groundball, 56, EV 88.1 MPH)
Batting: LHB Darrell Ortega 0-0: Called Strike
0-1: Ball
1-1: Ground out 6-3 (Groundball, 6S, EV 66.9 MPH)
Bottom of the 10th over - 0 runs, 0 hits, 0 errors, 0 left on base; Indianapolis 1 - Lehigh Valley 1
TOP OF THE 11TH
Indianapolis Indians batting - Pitching for Lehigh Valley IronPigs : RHP Mike Kamm
Batting: LHB Marc Carter 0-0: Foul Ball, location: 2F
0-1: Swinging Strike
0-2: Ball
1-2: Ball
2-2: Ball
3-2: Base on Balls
Batting: RHB Caleb Russell 0-0: Ball
1-0: Called Strike
1-1: Ball
2-1: Fielders Choice at 2nd, 4-6 (Groundball, 4M, EV 87.5 MPH)
Batting: SHB Trevor Weareorwear 0-0: Called Strike
0-1: Ball
1-1: Called Strike
1-2: Ball
2-2: Fly out, F9 (Line Drive, 9D, EV 100.6 MPH)
Batting: RHB Terry Sutherland 0-0: Called Strike
0-1: Ball
1-1: Ball
2-1: Foul Ball, location: 2F
2-2: Foul Ball, location: 2F
2-2: Strikes out swinging
Top of the 11th over - 0 runs, 0 hits, 0 errors, 1 left on base; Indianapolis 1 - Lehigh Valley 1
BOTTOM OF THE 11TH
Lehigh Valley IronPigs batting - Pitching for Indianapolis Indians : RHP Robby Poyfair
Pitching: RHP Justin West
Batting: SHB Lance Franklin 0-0: Ball
1-0: Ball
2-0: Swinging Strike
2-1: Ball
3-1: Ground out 4-3 (Groundball, 4M, EV 102.5 MPH)
Batting: RHB Josh Hensley 0-0: Foul Ball, location: 2F
0-1: Swinging Strike
0-2: Ball
1-2: Foul Ball, location: 2F
1-2: Ball
2-2: Ball
3-2: Foul Ball, location: 2F
3-2: Foul Ball, location: 2F
3-2: Ground out 6-3 (Groundball, 6, EV 88.1 MPH)
Batting: LHB Michael Tuttle 0-0: Called Strike
0-1: Called Strike
0-2: Ball
1-2: Strikes out looking
Bottom of the 11th over - 0 runs, 0 hits, 0 errors, 0 left on base; Indianapolis 1 - Lehigh Valley 1
TOP OF THE 12TH
Indianapolis Indians batting - Pitching for Lehigh Valley IronPigs : RHP Mike Kamm
Batting: RHB Danny Gallegos 0-0: SINGLE (Line Drive, 9S, EV 100.0 MPH)
Batting: RHB Matt Keef 0-0: Bunt missed!
0-1: Sac Bunt to 15S - play at first, batter OUT! 1-4
Danny Gallegos to second
Batting: SHB Francisco Gutierrez 0-0: Intentional Walk
Batting: RHB Chris McCoy 0-0: Fielders Choice at 2nd, 4-6 (Groundball, 34, EV 85.0 MPH)
Danny Gallegos to third
Batting: SHB Ben Myers 0-0: Ball
1-0: Foul Ball, location: 2F
1-1: Ball
2-1: Swinging Strike
2-2: SINGLE (Line Drive, 56, EV 110.0 MPH)
Danny Gallegos scores
Chris McCoy to second
Pitching: LHP John Murray
Batting: LHB Marc Carter 0-0: Called Strike
0-1: Ground out U3 (Groundball, 34S, EV 81.9 MPH)
Top of the 12th over - 1 run, 2 hits, 0 errors, 2 left on base; Indianapolis 2 - Lehigh Valley 1
BOTTOM OF THE 12TH
Lehigh Valley IronPigs batting - Pitching for Indianapolis Indians : RHP Justin West
Batting: LHB Danny Hill 0-0: Ball
1-0: SINGLE (Line Drive, 89D, EV 108.1 MPH)
Batting: RHB Moritake Fukumoto 0-0: Ball
1-0: Ball
2-0: Ball
3-0: Base on Balls
Danny Hill to second
Batting: LHB Tyler Allen 0-0: Bunted foul
0-1: Bunt missed!
0-2: Fielders Choice at 2nd, 6-4 (Groundball, 6M, EV 90.6 MPH)
Danny Hill to third
Batting: RHB Dan Grable 0-0: Ball
1-0: Ball
2-0: Swinging Strike
2-1: Foul Ball, location: 2F
2-2: Ball
3-2: Fly out, F5 (Line Drive, 5, EV 66.2 MPH)
Batting: SHB Cesar Arteaga 0-0: Ball
1-0: Foul Ball, location: 2F
1-1: Ball
2-1: Ball
3-1: Base on Balls
Tyler Allen to second
Batting: LHB Darrell Ortega 0-0: SINGLE (Groundball, 56S, EV 68.1 MPH) (infield hit)
Danny Hill scores
Tyler Allen to third
Cesar Arteaga to second
Pitching: RHP Kody Mason
Batting: SHB Lance Franklin 0-0: Called Strike
0-1: Called Strike
0-2: Ball
1-2: Ball
2-2: Ball
3-2: Base on Balls
Tyler Allen scores
Cesar Arteaga to third
Darrell Ortega to second
Bottom of the 12th over - 2 runs, 2 hits, 0 errors, 0 left on base; Indianapolis 2 - Lehigh Valley 3
Game Over ... Lehigh Valley defeats Indianapolis, 3 to 2
Wednesday, June 22nd , 2022 - OOTP Baseball 23.4 Build 64